 Dungeon Crawl Stone Soup version 0.14-a0-942-gbd853f2 (webtiles) character file.

417 PolkaDot the Ruinous (level 5, -4/35 HPs)
             Began as a Vampire Conjurer on Nov 19, 2013.
             Slain by Grinder (11 damage)
             ... while paralysed by Grinder
             ... on Level 5 of the Dungeon.
             The game lasted 00:12:08 (3523 turns).

PolkaDot the Ruinous (Vampire Conjurer)             Turns: 3523, Time: 00:12:08

HP  -4/35        AC  3     Str  7      XL: 5   Next: 83%
MP   3/10        EV  2     Int 18      God:
Gold 173         SH  0     Dex 14      Spells:  3 memorised,  1 level left

Res.Fire  : + . .   See Invis. : +   d - +0 dagger (curse)
Res.Cold  : + . .   Warding    : .   a - +1 robe (curse)
Life Prot.: + . .   Conserve   : .   (no shield)
Res.Poison: +       Res.Corr.  : .   (no helmet)
Res.Elec. : +       Clarity    : .   (no cloak)
Sust.Abil.: . .     Spirit.Shd : .   (no gloves)
Res.Mut.  : .       Rnd.Telep. : +   (no boots)
Res.Rott. : .       Flight     : .   (no amulet)
Saprovore : . . .                    b - ring of teleportation
                                     p - ring of hunger

@: paralysed, very slightly contaminated, slightly resistant to hostile
enchantments, stealthy
A: fangs 3, see invisible, unbreathing
a: Bat Form, Evoke Teleportation


You were on level 5 of the Dungeon.
You were not thirsty.

You visited 1 branch of the dungeon, and saw 5 of its levels.

You collected 173 gold pieces.

Inventory:

Hand weapons
 d - a cursed +0,+0 dagger (weapon)
Armour
 a - a cursed +1 robe (worn)
Scrolls
 l - 2 scrolls of teleportation {unknown}
 n - 3 scrolls of remove curse
 r - 2 scrolls of enchant weapon I {unknown}
Jewellery
 b - a ring of teleportation (right hand)
 p - a ring of hunger (left hand)
Potions
 f - 2 potions of cure mutation
Books
 c - a book of Conjurations

   Spells                             Type                      Level
   *Magic Dart                        Conjuration                  1
   *Searing Ray                       Conjuration                  2
   Dazzling Spray                     Conjuration/Hexes            3
   Iskenderun's Mystic Blast          Conjuration                  4
   *Iskenderun's Battlesphere         Conjuration/Charms           4
   Fulminant Prism                    Conjuration/Hexes            5


   Skills:
 - Level 2.7 Dodging
 - Level 3.8 Stealth
 - Level 2.0 Spellcasting
 * Level 4.5 Conjurations
 + Level 2.1 Charms


You had one spell level left.
You knew the following spells:

 Your Spells              Type           Power        Failure   Level  Hunger
a - Magic Dart            Conj           ###.         2%          1    #......
q - Iskenderun's Battles  Conj/Chrm      ##......     54%         4    #####..
s - Searing Ray           Conj           ###...       4%          2    ##.....


Dungeon Overview and Level Annotations

Branches:
Dungeon (5/16)
 Temple: D:4-7

Altars:

Annotations:
D:5 Grinder


Innate Abilities, Weirdness & Mutations

You have razor-sharp teeth.*
You have supernaturally acute eyesight.
You can survive without breathing.*


Message History

Grinder hits you.
The searing ray hits Grinder.
Grinder is moderately wounded.
Grinder hits you!
The searing ray hits Grinder.
Grinder is heavily wounded.
Grinder misses you.
Drink which item? (? for menu, Esc to quit)
You feel protected. Grinder gestures at you.
You suddenly lose the ability to move!
Grinder says, "You look like you could use a good racking."
Grinder hits you. Grinder hits you but does no damage. Grinder hits you!
Grinder gestures at you. Pain shoots through your body!
* * * LOW HITPOINT WARNING * * *
Grinder hits you!
You die...

####### #.....#####
#.....>5..#
##.....@##+######
..................
#...................
#...................+
#...................#
#...................#
..#...................##
................##........
###................# ###


You could see Grinder.

Vanquished Creatures
  The ghost of Malachi the Bolt Thrower, an average DsWn (D:4)
  An orc priest (D:3)
  A worker ant (D:4)
  Jessica (D:3)
  2 adders (D:2)
  A worm (D:2)
  2 giant geckos
  3 orcs (D:3)
  A ball python (D:4)
  A giant cockroach (D:1)
  4 goblins
  11 hobgoblins
  6 jackals (D:1)
  3 quokkas (D:3)
  5 bats
  4 giant newts
  11 kobolds
  A kobold zombie (D:3)
  10 rats
69 creatures vanquished.

Notes
Turn   | Place    | Note
--------------------------------------------------------------
     0 | D:1      | PolkaDot, the Vampire Conjurer, began the quest for the Orb.
     0 | D:1      | Reached XP level 1. HP: 13/13 MP: 4/4
   220 | D:1      | Reached XP level 2. HP: 19/19 MP: 2/5
  1063 | D:1      | Reached XP level 3. HP: 20/24 MP: 0/7
  1525 | D:2      | Learned a level 2 spell: Searing Ray
  2268 | D:3      | Noticed Jessica
  2276 | D:3      | Killed Jessica
  2276 | D:3      | Reached XP level 4. HP: 18/30 MP: 2/9
  2460 | D:3      | Learned a level 4 spell: Iskenderun's Battlesphere
  2845 | D:3      | Reached skill level 4 in Conjurations
  2845 | D:3      | Reached skill level 1 in Charms
  3105 | D:3      | Reached XP level 5. HP: 35/35 MP: 5/10
  3259 | D:4      | Noticed Malachi's ghost (average DsWn)
  3275 | D:4      | Killed Malachi's ghost
  3472 | D:5      | Entered Level 5 of the Dungeon
  3507 | D:5      | Noticed Grinder
  3518 | D:5      | Paralysed by Grinder for 6 turns
  3523 | D:5      | Slain by Grinder

Action                   |  1- 3 |  4- 6 || total
-------------------------+-------+-------++-------
Melee: Unarmed           |     9 |       ||     9
       Dagger            |    44 |    29 ||    73
 Cast: Magic Dart        |    69 |    42 ||   111
       Searing Ray       |     3 |     6 ||     9
  Use: Potion            |       |     6 ||     6
       Scroll            |       |     7 ||     7
 Stab: Sleeping          |     1 |     2 ||     3
       Invisible         |       |     1 ||     1
